AoeStats
← Dom&Benito

Hideout

509744590Analyzed
1v1 RM · 3d ago on Sep 27, 2026· 43m 55s· 2 players
Game mode
Random Map
Map size
Tiny (2 player)
Population
200
Speed
Normal
Resources
Standard
Victory
Conquest
Starting age
Dark Age
Ending age
Imperial Age
RankedLock teamsTeams togetherTeam positionsShared explorationLock speedFull tech treeHidden civsTurbo modeCheats
Victory
Defeat
🇨🇦 Khmer · Canada
1236
+16
🇯🇵 Spanish · Japan
1242
-16
Dom&Benito
10:06 Feudal Age
10:43 Double-Bit Axe
10:39 Horse Collar
15:34 Forging
18:08 Castle Age
16:28 Padded Archer Armor
17:26 Fletching
17:57 Bloodlines
18:13 Scale Barding Armor
19:04 Bow Saw
18:22 Elite Skirmisher
19:07 Heavy Plow
20:01 Loom
21:44 Light Cavalry
27:14 Town Watch
27:52 Husbandry
29:05 Iron Casting
29:07 Ballistics
29:36 Wheelbarrow
33:47 Imperial Age
35:48 Cavalier
38:14 Chain Barding Armor
39:07 Hand Cart
43:29 Bodkin Arrow
FoldedAunt23528
10:41 Feudal Age
14:49 Castle Age
13:08 Stone Mining
13:29 Horse Collar
14:26 Double-Bit Axe
15:42 Bow Saw
16:32 Loom
17:15 Heavy Plow
23:28 Wheelbarrow
24:47 Town Watch
26:35 Husbandry
29:45 Imperial Age
28:18 Scale Barding Armor
28:19 Gold Mining
29:22 Bloodlines
29:44 Chain Barding Armor
30:07 Cavalier
34:55 Forging
36:59 Iron Casting
Connection lost

Rejoining the realm…

Still unreachable

The connection could not be restored.

Session expired

The server has moved on; the page needs a fresh start.